 Dungeon Crawl Stone Soup version 0.29-a0-512-gf59ac788ac (webtiles) character file.

Game seed: 15756895975968077821

329 croobank the Covert (level 6, -17/56 HPs)
             Began as a Gnoll Delver on May 29, 2022.
             Was an Initiate of Gozag.
             Demolished by an ogre
             ... wielding a +0 giant spiked club
              (28 damage)
             ... in the Ecumenical Temple.
             The game lasted 00:14:05 (4300 turns).

croobank the Covert (Gnoll Delver)                  Turns: 4300, Time: 00:14:07

Health: -17/56     AC:  5    Str: 12    XL:     6   Next: 51%
Magic:  9/12       EV: 12    Int: 11    God:    Gozag
Gold:   163        SH:  0    Dex: 13    Spells: 5/13 levels left

rFire   . . .      SeeInvis .   a - +1 dagger (freeze)
rCold   . . .      Faith    .   (no shield)
rNeg    . . .      Spirit   .   i - +0 ring mail
rPois   .          Reflect  .   (no helmet)
rElec   .          Harm     .   (no cloak)
rCorr   .          Rampage  .   (no gloves)
Will    .....                   (no boots)
Stlth   ++++......              (no amulet)
HPRegen 0.18/turn               (no ring)
MPRegen 0.13/turn               (no ring)

@: lethally poisoned (-17 -> -33), hasted, very quick
A: fangs 1, strong nose, distributed training
a: Renounce Religion, Potion Petition, Call Merchant, Bribe Branch


You were in the Ecumenical Temple.
You worshipped Gozag.
Gozag was aware of your devotion.
You visited 2 branches of the dungeon, and saw 6 of its levels.

You collected 271 gold pieces.
You paid 108 gold pieces to Gozag.

Inventory:

Hand Weapons
 a - a +1 dagger of freezing (weapon)
 b - a +0 hunting sling
 d - a +0 long sword
 e - a +0 spear
 t - a +0 vorpal falchion
 u - a +0 war axe
 w - a +2 vorpal hand axe
Missiles
 l - 93 stones (quivered)
Armour
 i - a +0 ring mail (worn)
 p - a +0 leather armour
 s - a +0 chain mail
 v - a +0 scale mail
Wands
 g - a wand of digging (3)
Scrolls
 c - 2 scrolls of fog
 h - a scroll of enchant weapon {unknown}
 j - a scroll of poison
 k - a scroll of teleportation
 n - 2 scrolls of summoning
 o - a scroll of fear
Potions
 m - a potion of curing
 q - a potion of cancellation
 r - a potion of magic


   Skills:
 + Level 7.9 Fighting
 + Level 4.2 Short Blades
 + Level 4.2 Long Blades
 + Level 6.3 Axes
 + Level 4.2 Maces & Flails
 + Level 4.2 Polearms
 + Level 4.2 Staves
 + Level 4.2 Slings
 + Level 4.2 Bows
 + Level 4.2 Crossbows
 + Level 4.2 Throwing
 + Level 4.2 Armour
 + Level 6.3 Dodging
 + Level 10.5 Stealth
 + Level 4.2 Shields
 + Level 4.2 Unarmed Combat
 + Level 4.2 Spellcasting
 + Level 3.5 Conjurations
 + Level 3.5 Hexes
 + Level 3.5 Summonings
 + Level 3.5 Necromancy
 + Level 3.5 Translocations
 + Level 3.5 Transmutations
 + Level 3.5 Fire Magic
 + Level 3.5 Ice Magic
 + Level 3.5 Air Magic
 + Level 3.5 Earth Magic
 + Level 3.5 Poison Magic
 + Level 4.7 Invocations
 + Level 4.2 Evocations


You had 5 spell levels left.
You knew the following spells:

 Your Spells              Type           Power      Damage    Failure   Level
a - Shock                 Conj/Air       40%        1d5       12%         1
b - Swiftness             Air            10%        N/A       34%         3
c - Airstrike             Air            5%         N/A       75%         4

Your spell library contained the following spells:

 Spells                   Type           Power      Damage    Failure   Level
 Tukima's Dance           Hex            10%        N/A       34%         3
 Passage of Golubria      Tloc           10%        N/A       75%         4
 Yara's Violent Unravell  Hex/Tmut       5%         3d4       97%         5


Dungeon Overview and Level Annotations

Branches:
Dungeon (5/15)             Temple (1/1) D:5

Altars:
Cheibriados
Dithmenos
Elyvilon
Fedhas
Gozag
Hepliaklqana
Kikubaaqudgha
Makhleb
Nemelex Xobeh
Okawaru
Qazlal
Ru
Sif Muna
Trog
Uskayaw
Vehumet
Wu Jian
Xom
Yredelemnul
Zin
The Shining One

Shops:
D:4 =


Innate Abilities, Weirdness & Mutations

You have very sharp teeth.
Your uncanny sense of smell can sniff out nearby items.
Your experience applies equally to all skills.


Message History

The killer bee stings you. The killer bee closely misses you.
The ogre closely misses you.
You hit the ogre. You freeze the ogre.
The ogre is moderately wounded.
The killer bee closely misses you. The killer bee stings you.
You hit the ogre. You freeze the ogre.
The ogre is heavily wounded.
The killer bee stings you but does no damage.
The ogre completely misses you.
You hit the ogre. You freeze the ogre.
The ogre is heavily wounded.
The killer bee stings you. x2
You hit the ogre. You freeze the ogre.
The ogre is severely wounded.
The killer bee stings you.
You are poisoned.
The killer bee poisons you!
The ogre hits you with a +0 giant spiked club!
* * * LOW HITPOINT WARNING * * *
You feel better. The killer bee closely misses you. x2
You feel yourself speed up.
The killer bee stings you but does no damage.
The ogre closely misses you. The killer bee stings you.
You are poisoned.
The killer bee poisons you!
Casting: Shock (safe; 12% risk of failure)
Confirm with . or Enter, or press ? or * to list all spells.
Aiming: Shock (safe; 12% risk of failure)
Press: ? - help, Shift-Dir - straight line, f - ogre
Aim: an ogre, wielding a +0 giant spiked club (severely wounded, 85% to hit)
The zap hits the ogre.
The ogre is severely wounded.
You feel sick. The killer bee stings you.
* * * LOW HITPOINT WARNING * * *
You are lethally poisoned!
The killer bee poisons you!
The ogre hits you with a +0 giant spiked club!!
Ouch! That really hurt!
You die...
Your body crumbles into a pile of gold.

♣♣♣♣♣♣♣♣♣♣
♣♣♣♣PPPP...P♣♣♣♣♣
...PPPP..P......♣♣♣♣♣
........P.......P..P♣♣♣
...♣........P..P......♣
........♣...PP..@PP...♣
..P....♣♣♣......yO..P♣♣
.............P...P..♣♣
..................♣♣♣
..♣...P.....P..♣♣♣♣
.♣..............♣
...............♣♣
....P....♣♣♣♣♣♣♣
.......♣♣♣


You could see an ogre and a killer bee.

Vanquished Creatures
  An ogre (D:4)
  A hound (D:3)
  6 adders
  A worm (D:2)
  4 dart slugs
  6 orcs
  6 endoplasms
  A giant cockroach (D:2)
  9 goblins
  6 hobgoblins
  3 jackals (D:2)
  7 kobolds
  A quokka (D:2)
  15 ball pythons
  6 bats
  3 frilled lizards (D:2)
  2 rats
78 creatures vanquished.

Vanquished Creatures (collateral kills)
  An endoplasm (D:2)
  A giant cockroach (D:2)
2 creatures vanquished.

Grand Total: 80 creatures vanquished

Notes
Turn   | Place    | Note
-------+----------+-------------------------------------------
     0 | D:5      | Reached skill level 9 in Stealth
     0 | D:5      | croobank the Gnoll Delver began the quest for the Orb.
     0 | D:5      | Reached XP level 1. HP: 23/23 MP: 1/1
    23 | D:5      | Noticed an orc priest
    78 | D:5      | Reached XP level 2. HP: 29/29 MP: 2/2
    82 | D:5      | Noticed a scorpion
   166 | D:5      | Noticed a scorpion
   224 | D:4      | Learned a level 1 spell: Shock
   508 | D:2      | Reached XP level 3. HP: 32/35 MP: 3/3
   811 | D:1      | Reached skill level 1 in Invocations
  1172 | D:1      | Reached skill level 1 in Short Blades
  1172 | D:1      | Reached skill level 1 in Long Blades
  1172 | D:1      | Reached skill level 1 in Maces & Flails
  1172 | D:1      | Reached skill level 1 in Polearms
  1172 | D:1      | Reached skill level 1 in Staves
  1172 | D:1      | Reached skill level 1 in Slings
  1172 | D:1      | Reached skill level 1 in Bows
  1172 | D:1      | Reached skill level 1 in Crossbows
  1172 | D:1      | Reached skill level 1 in Throwing
  1172 | D:1      | Reached skill level 1 in Armour
  1172 | D:1      | Reached skill level 1 in Shields
  1172 | D:1      | Reached skill level 1 in Unarmed Combat
  1172 | D:1      | Reached skill level 1 in Spellcasting
  1172 | D:1      | Reached skill level 1 in Evocations
  1240 | D:1      | Reached XP level 4. HP: 41/41 MP: 5/5
  1262 | D:1      | Found a faded altar of an unknown god.
  1498 | D:2      | Reached skill level 10 in Stealth
  1498 | D:2      | Reached XP level 5. HP: 49/49 MP: 5/11
  1880 | D:2      | Learned a level 3 spell: Swiftness
  2520 | D:3      | Noticed an ogre
  3006 | D:3      | Learned a level 4 spell: Airstrike
  3403 | D:4      | Reached XP level 6. HP: 56/56 MP: 12/12
  3405 | D:4      | Found Apsurr's Jewellery Shop.
  4079 | D:5      | Found a staircase to the Ecumenical Temple.
  4087 | Temple   | Entered the Ecumenical Temple
  4246 | Temple   | Became a worshipper of Gozag Ym Sagoz the Greedy
  4300 | Temple   | Demolished by an ogre

Illustrated notes

Levels and vault maps discovered:
D:1:      ncdulo_wetmaze, layout_rooms, basic_ecumenical_altar,
          minmay_misc_feat_five, minmay_tromino_v4_b
D:2:      minmay_skewed_foursquare, layout_loops_corners, grunt_ministairs_4
D:3:      layout_basic
D:4:      layout_loops_ring, serial_shops, kennysheep_mini
D:5:      cheibrodos_fzero, layout_loops_corners, minmay_temple_entry_mist,
          minmay_manual_mares
Temple:   kilobyte_greek_temple

Skill      XL: |  1  2  3  4 |
---------------+-------------+-----
Stealth        | 10 | 10.5
Invocations    | 1 4 |  4.7
Short Blades   | 1 4 |  4.2
Long Blades    | 1 4 |  4.2
Maces & Flails | 1 4 |  4.2
Polearms       | 1 4 |  4.2
Staves         | 1 4 |  4.2
Slings         | 1 4 |  4.2
Bows           | 1 4 |  4.2
Crossbows      | 1 4 |  4.2
Throwing       | 1 4 |  4.2
Armour         | 1 4 |  4.2
Shields        | 1 4 |  4.2
Unarmed Combat | 1 4 |  4.2
Spellcasting   | 1 4 |  4.2
Evocations     | 1 4 |  4.2
Fighting       | 7 |  7.9
Axes           | 6 |  6.3
Dodging        | 6 |  6.3
Conjurations   | 3 |  3.5
Hexes          | 3 |  3.5
Summonings     | 3 |  3.5
Necromancy     | 3 |  3.5
Translocations | 3 |  3.5
Transmutations | 3 |  3.5
Fire Magic     | 3 |  3.5
Ice Magic      | 3 |  3.5
Air Magic      | 3 |  3.5
Earth Magic    | 3 |  3.5
Poison Magic   | 3 |  3.5

Action                   |  1- 3 |  4- 6 || total
-------------------------+-------+-------++-------
Melee: Hand axe          |    86 |    28 ||   114
       Bite              |    10 |    12 ||    22
       Dagger            |       |   109 ||   109
       Punch             |       |     4 ||     4
 Cast: Swiftness         |       |     2 ||     2
       Shock             |       |     5 ||     5
  Use: Scroll            |     2 |     8 ||    10
       Potion            |     1 |     3 ||     4
 Stab: Sleeping          |    10 |    18 ||    28
       Distracted        |       |     1 ||     1
Armor: Ring mail         |    29 |    35 ||    64
Dodge: Dodged            |    54 |    64 ||   118

Table legend: (Time is in decaauts)
 A = Elapsed time spent in this place.
 B = Non-inter-level travel time spent in this place.
 C = Inter-level travel time spent in this place.
 D = Time resting spent in this place.
 E = Time spent auto-exploring this place.
 F = Levels seen in this place.
 G = Mean time per level.
                   A        B        C        D        E       F      G
               +--------+--------+--------+--------+--------+-----+--------+
         Total |   4288 |   4149 |    139 |    213 |   2552 |   6 |  714.7 |
       Dungeon |   4081 |   3980 |    101 |    213 |   2405 |   5 |  816.2 |
        Temple |    206 |    168 |     38 |      0 |    147 |   1 |  206.0 |
               +--------+--------+--------+--------+--------+-----+--------+

Top non-repeatable levels by time:
     D:2: 1300 daAuts
     D:3: 1017 daAuts
     D:4: 788 daAuts
     D:1: 768 daAuts
     D:5: 207 daAuts
  Temple: 206 daAuts
